Description

저저전 바퀴 스타트

Build Order

Get SALT Encoding   

  12  0:01  Drone  
  13  0:09  Drone  
  14  0:18  Overlord  
  14  0:22  Extractor  가스트릭
  14  0:23  Drone  
  17  0:54  Hatchery  150때 앞마당 랠리
  16  0:57  Drone  가스쪽 랠리
  17  1:02  Drone  가스쪽 랠리
  18  1:12  Extractor  
  17  1:16  Spawning Pool  
  16  1:19  Drone  추출장 랠리
  17  1:22  Drone  추출장 랠리
  18  1:30  Drone  추출장 랠리
  19  1:41  Drone  
  20  1:55  Overlord  
  20  2:08  Queen x2  
  24  2:09  Zergling x2  
  26  2:20  Drone  6마리
  32  2:45  Queen x2  나온 여왕 펌핑 후 입막
  36  2:54  Overlord  
  36  2:57  Evolution Chamber x2  
  35  3:00  Roach Warren  저글링 4마리 정찰(소모)
  32  3:15  Drone  13마리
  44  3:32  Overlord  
  44  3:37  Lair  
  44  3:42  Zerg Missile Weapons Level 1  
  44  3:44  Extractor x2  
  42  3:50  Drone  앞마당 최적화 될때까지
  52  4:24  Overlord  
  51  4:30  Extractor, Zerg Ground Armor Level 1  본진
  52  4:35  Glial Reconstitution  바퀴 속업
  52  4:40  Pneumatized Carapace  대군주 속업
  52  4:55  Roach  바퀴 6마리 이후 바퀴 꾸준히
  62  5:05  Hatchery  트리플
  61  5:10  Overseer  상대방 정찰
  93  6:00  Zerg Missile Weapons Level 2  
Spawning Tool Build Advisor. Get it on Overwolf

Go to:

Details

  • Created by: bookshelf421
  • Published on: Oct 30, 2020
  • Modified on: Oct 30, 2020
  • Patch: 4.11.0
  • Difficulty: Medium
Show
View Real Time Build Order
Export as new Build Order

Comments (0)

There are no comments. Be the first!

Create an account to comment!